 Dungeon Sprint DCSS version 0.30.1-4-g462c640d31 (webtiles) character file.

Game seed: 16696605749407217562

5018 Heoruswealwe the Cleaver (level 10, -1/102 HPs)
             Began as a Hill Orc Fighter on Sept 5, 2023.
             Was an Elder of the Shining One.
             Slain by a centaur warrior (6 damage)
             ... in the Dungeon (Sprint I: "Red Sonja").
             The game lasted 00:09:20 (861 turns).

Heoruswealwe the Cleaver (Hill Orc Fighter)          Turns: 861, Time: 00:09:20

Health: -1/102     AC:  9    Str: 24    XL:     10   Next: 55%
Magic:  20/20      EV: 10    Int:  8    God:    the Shining One [****..]
Gold:   714        SH:  7    Dex: 10    Spells: 9/9 levels left

rFire   . . .        a - +0 war axe
rCold   . . .        c - +0 buckler
rNeg    + + .        b - +0 scale mail
rPois   .            (no helmet)
rElec   .            (no cloak)
rCorr   .            (no gloves)
SInv    .            (no boots)
Will    .....        (no amulet) Stlth
                     (no ring)
HPRegen 0.37/turn    (no ring)
MPRegen 0.17/turn

%: no teleportation
@: glowing
A: no striking features
a: Renounce Religion, Divine Shield, Cleansing Flame


You were in the Dungeon.
You worshipped the Shining One.
The Shining One was greatly pleased with you.
You visited 1 branch You collected 744 gold pieces.
You donated 30 gold pieces to Zin.

Inventory:

Hand Weapons
 a - a +0 war axe (weapon)
Armour
 b - a +0 scale mail (worn)
 c - a +0 buckler (worn)
Wands
 k - a wand of iceblast (5)
Potions
 d - a potion of might
 e - a potion of curing
 g - a potion of haste
 l - a potion of resistance


   Skills:
 + Level 13.6 Fighting
 + Level 14.5 Axes
 + Level 12.6 Armour
 + Level 12.6 Shields
 + Level 14.2 Invocations


You had 9 spell levels left.
You didn't know any spells.
Your spell library was empty.

Dungeon Overview and Level Annotations

Branches:
Dungeon (1/1)

Altars:
Cheibriados
Dithmenos
Elyvilon
Fedhas
Gozag
Hepliaklqana
Kikubaaqudgha
Nemelex Xobeh
Okawaru
Qazlal
Ru
Sif Muna
Trog
Uskayaw
Vehumet
Wu Jian
Yredelemnul
Zin
The Shining One

Shops:
D =:[?:([


Message History

The centaur warrior hits you but does no damage.
The centaur warrior kicks you but does no damage.
You block the centaur warrior's attack.
The centaur warrior kicks you but does no damage.
You barely miss the centaur warrior.
The centaur warrior is heavily wounded.
You slash the centaur warrior! The centaur warrior hits you.
The centaur warrior kicks you but does no damage.
The centaur warrior hits you but does no damage.
The centaur warrior kicks you. The centaur warrior closely misses you.
The centaur warrior kicks you but does no damage.
You slash the centaur warrior!
The centaur warrior is severely wounded.
You hit the centaur warrior. The centaur warrior hits you!
The centaur warrior kicks you but does no damage.
The centaur warrior hits you but does no damage.
The centaur warrior kicks you.
You hit the centaur warrior.
The centaur warrior is severely wounded.
You barely miss the centaur warrior. The centaur warrior hits you.
* * * LOW HITPOINT WARNING * * *
The centaur warrior kicks you but does no damage.
The centaur warrior hits you but does no damage.
The centaur warrior kicks you but does no damage.
The centaur warrior hits you!
* * * LOW HITPOINT WARNING * * *
The centaur warrior misses you.
You barely miss the centaur warrior.
The centaur warrior is severely wounded.
You slash the centaur warrior! The centaur warrior hits you.
* * * LOW HITPOINT WARNING * * *
The centaur warrior kicks you but does no damage.
The centaur warrior hits you!
* * * LOW HITPOINT WARNING * * *
The centaur warrior kicks you but does no damage.
You feel better. The centaur warrior hits you!
* * * LOW HITPOINT WARNING * * *
The centaur warrior kicks you but does no damage.
The centaur warrior hits you.
You die...

.#..)..#.)'..#
.'!.#..'..#..+
.#####'#####'# ###
.####..#...#.####!!#
.#__####..##)#§~~.§#
.#_____##'#_.+§§~.§+
⌠#_.∩..)'..._#~§§c.#
##_..__##_.#'##c####
#_____###'#)#)c@§###
##########.####§###)##
........'.÷.'.....'.∩#
#''''####...##########
......####.###
.......#.#'#.#
.#.....#.....#
.......#.[)..#
....#..#######


You could see 2 centaur warriors.

Vanquished Creatures
  Sonja (D)
  A deep troll (D)
  8 shining eyes (D)
  A yak (D)
  Sigmund (D)
  4 floating eyes (D)
  An ogre (D)
  A jelly (D)
  Ijyb (D)
19 creatures vanquished.

Vanquished Creatures (others)
  2 ballistomycete spores (D)
2 creatures vanquished.

Grand Total: 21 creatures vanquished

Notes
Turn   | Place    | Note
-------+----------+-------------------------------------------
     0 | D        | Heoruswealwe the Hill Orc Fighter began the quest for the
                  | Orb.
     0 | D        | Reached XP level 1. HP: 19/19 MP: 1/1
     1 | D        | Noticed Ijyb
     5 | D        | Killed Ijyb
     6 | D        | Reached XP level 2. HP: 20/28 MP: 1/4
     6 | D        | Reached XP level 3. HP: 24/34 MP: 1/5
    54 | D        | Noticed an ogre
    57 | D        | Killed an ogre
    58 | D        | Reached skill level 5 in Axes
    58 | D        | Reached skill level 5 in Armour
    58 | D        | Reached skill level 5 in Shields
    58 | D        | Reached skill level 5 in Invocations
    58 | D        | Reached XP level 4. HP: 44/44 MP: 5/7
    88 | D        | Noticed Sigmund
    93 | D        | Killed Sigmund
    94 | D        | Reached XP level 5. HP: 38/52 MP: 7/10
    94 | D        | Reached XP level 6. HP: 44/60 MP: 7/11
   147 | D        | Found an ornate altar of the Wu Jian Council.
   147 | D        | Found a shimmering blue altar of Sif Muna.
   149 | D        | Found a radiant altar of Vehumet.
   178 | D        | Found Seosme Giysm's Magic Scroll Emporium.
   178 | D        | Found an ancient bone altar of Kikubaaqudgha.
   178 | D        | Found a hazy altar of Hepliaklqana.
   178 | D        | Found a stormy altar of Qazlal.
   178 | D        | Found a hide-covered altar of Uskayaw.
   178 | D        | Found a blossoming altar of Fedhas.
   178 | D        | Found a bloodstained altar of Trog.
   178 | D        | Found an iron altar of Okawaru.
   178 | D        | Found a basalt altar of Yredelemnul.
   178 | D        | Found a glowing golden altar of the Shining One.
   178 | D        | Found a snail-covered altar of Cheibriados.
   178 | D        | Found a sacrificial altar of Ru.
   178 | D        | Found a glowing silver altar of Zin.
   178 | D        | Found a shadowy altar of Dithmenos.
   178 | D        | Found a white marble altar of Elyvilon.
   178 | D        | Noticed a yak
   189 | D        | Killed a yak
   190 | D        | Reached XP level 7. HP: 30/69 MP: 11/13
   190 | D        | Found an opulent altar of Gozag.
   191 | D        | Found a sparkling altar of Nemelex Xobeh.
   196 | D        | Became a worshipper of Zin the Law-Giver
   196 | D        | Reached * piety under Zin
   196 | D        | Reached ** piety under Zin
   196 | D        | Reached *** piety under Zin
   196 | D        | Reached **** piety under Zin
   196 | D        | Reached ***** piety under Zin
   196 | D        | Reached ****** piety under Zin
   316 | D        | Noticed Sonja
   325 | D        | Killed Sonja
   326 | D        | Reached skill level 10 in Fighting
   326 | D        | Reached skill level 10 in Axes
   326 | D        | Reached skill level 10 in Invocations
   326 | D        | Reached XP level 8. HP: 57/79 MP: 13/15
   346 | D        | Found Ommipnyr's Jewellery Boutique.
   391 | D        | Noticed a shining eye
   391 | D        | Noticed a shining eye
   391 | D        | Noticed a shining eye
   391 | D        | Noticed a shining eye
   391 | D        | Noticed a shining eye
   391 | D        | Noticed a shining eye
   393 | D        | Paralysed by a floating eye for 3 turns
   403 | D        | Killed a shining eye
   404 | D        | Reached skill level 10 in Armour
   404 | D        | Reached skill level 10 in Shields
   404 | D        | Reached XP level 9. HP: 89/89 MP: 15/17
   406 | D        | Killed a shining eye
   408 | D        | Killed a shining eye
   411 | D        | Killed a shining eye
   417 | D        | Killed a shining eye
   418 | D        | Killed a shining eye
   419 | D        | Reached XP level 10. HP: 100/100 MP: 17/20
   420 | D        | Noticed a shining eye
   420 | D        | Noticed a shining eye
   420 | D        | Paralysed by a floating eye for 3 turns
   436 | D        | Killed a shining eye
   438 | D        | Killed a shining eye
   459 | D        | Fell from the grace of Zin
   459 | D        | Became a worshipper of the Shining One
   459 | D        | Reached * piety under the Shining One
   459 | D        | Reached ** piety under the Shining One
   459 | D        | Reached *** piety under the Shining One
   459 | D        | Reached **** piety under the Shining One
   523 | D        | Noticed a deep troll
   537 | D        | Killed a deep troll
   552 | D        | Found Fiang's Armour Emporium.
   794 | D        | Found Zeminesk's Book Shoppe.
   794 | D        | Found Ciweuzaw's Book Shop.
   794 | D        | Found Jinoin's Antique Armour Emporium.
   794 | D        | Found Ruikecw's Antique Weapon Boutique.
   849 | D        | Noticed a centaur warrior
   851 | D        | Noticed a centaur warrior
   861 | D        | HP: 5/102 [centaur warrior (7)]
   861 | D        | Slain by a centaur warrior

Illustrated notes

Levels and vault maps discovered:
D:        dungeon_sprint_1 [red_sonja_temple_1, red_sonja_temple_small_1]

Skill      XL: |  1  2  3  4  5  6  7  8  9 10 |
---------------+-------------------------------+-----
Fighting       | 4 6 7 8 10 11 12 13 | 13.6
Axes           | 4 5 7 8 10 11 13 14 | 14.5
Armour         | 4 5 6 7 9 10 11 12 | 12.6
Shields        | 4 5 6 7 9 10 11 12 | 12.6
Invocations    | 3 5 7 8 10 11 13 14 | 14.2

Action                     |  1- 3 |  4- 6 |  7- 9 | 10-12 || total
---------------------------+-------+-------+-------+-------++-------
  Melee: War axe           |     5 |    15 |    29 |    26 ||    75
  Evoke: Wand              |       |       |     3 |     2 ||     5
    Use: Potion            |     1 |     1 |       |     2 ||     4
         Scroll            |       |       |       |     1 ||     1
 Armour: Scale mail        |     1 |     1 |     1 |    19 ||    22
  Dodge: Dodged            |       |     4 |     3 |     8 ||    15
  Block: Buckler           |     1 |     4 |     1 |     6 ||    12
